Map: Tokamak LE

Players

ManlyManMeat - Winner!

  • Race: Zerg Zerg
  • League: Diamond
  • Spawn Location: 1:00

iksdé

  • Race: Protoss Protoss
  • League: Diamond
  • Spawn Location: 7:00

VOD

Have the link to the VOD?

Description

Time

  • Played on: July 7, 2025, 2:40 p.m.
  • Length: 10:33
Show
View Real Time Build Order
Export as new Build Order

ManlyManMeat Zerg - Winner!

Build Orders: Hatch First 

Get SALT Encoding   

  12  0:00  Drone  
  13  0:08  Drone  
  14  0:15  Extractor  
  14  0:16  Drone  
  15  0:21  Overlord  
  15  0:40  Drone  
  16  0:48  Hatchery  
  15  0:51  Drone  
  15  0:54  Drone  
  17  0:57  Drone  
  18  1:07  Extractor  
  17  1:12  Spawning Pool  
  17  1:16  Drone  
  17  1:19  Drone  
  18  1:26  Drone  
  19  1:36  Drone  
  20  2:00  Queen x2  
  24  2:02  Overlord  
  24  2:15  Zergling x6  
  26  2:16  Metabolic Boost  
  27  2:33  Drone x3  
  27  2:34  Drone x2  
  32  2:51  Overlord  
  32  2:53  Overlord x2  
  32  3:08  Drone  
  32  3:09  Drone x2  
  32  3:10  Overlord  
  32  3:12  Drone  
  36  3:14  Drone x2  
  38  3:29  Hatchery  
  38  3:31  Drone x3  
  40  3:38  Drone  
  40  3:39  Drone  
  41  3:51  Drone  
  41  3:52  Lair  
  43  3:55  Drone x2  
  43  3:57  Evolution Chamber  
  43  3:58  Drone x2, Extractor  
  43  3:59  Drone  
  45  4:08  Queen  
  47  4:18  Drone x2, Evolution Chamber, Extractor  
  47  4:19  Drone x2  
  47  4:20  Drone x2, Extractor  
  50  4:29  Zergling x6  
  50  4:30  Zergling x2  
  54  4:41  Zerg Missile Weapons Level 1  
  54  4:44  Zerg Ground Armor Level 1  
  54  4:50  Drone x6  
  60  5:01  Hydralisk Den  
  58  5:26  Extractor  
  58  5:28  Extractor  
  56  5:31  Hydralisk x5, Muscular Augments  
  56  5:35  Overlord x3  
  66  5:36  Hatchery  
  66  5:38  Drone  
  66  5:40  Drone  
  66  5:41  Drone  
  66  5:42  Drone  
  69  5:47  Hatchery  
  68  6:03  Drone x5  
  73  6:05  Hydralisk x5  
  83  6:14  Queen  
  83  6:15  Overseer  
  85  6:19  Drone  
  85  6:20  Hydralisk x2  
  85  6:33  Hydralisk  
  85  6:34  Hydralisk x4  
  95  6:46  Overlord x2  
  95  6:47  Overlord x2  
  95  6:48  Zerg Missile Weapons Level 2  
  95  6:53  Grooved Spines  
  95  6:59  Roach Warren  
  95  7:00  Zergling x10  
  99  7:05  Baneling Nest  
  98  7:13  Zergling x16  
  106  7:20  Drone  
  107  7:31  Hydralisk  
  107  7:32  Hydralisk x6  
  120  7:51  Hydralisk x3  
  120  7:52  Hydralisk x2  
  130  8:02  Drone x2  
  130  8:03  Drone x5  
  130  8:04  Drone x2  
  141  8:12  Roach  
  139  8:27  Overlord x4  
  139  8:28  Overlord x2  
  139  8:30  Baneling  
  139  8:31  Baneling x18  
  139  8:35  Overlord x2  
  139  8:46  Roach x3  
  139  8:47  Roach x4  
  152  8:51  Centrifugal Hooks  
  134  9:19  Roach x14  
  162  9:29  Overseer  
  162  9:31  Overseer x2  
  162  9:38  Zergling x18  
  171  9:42  Zergling x6  
  164  10:09  Hydralisk  
Show
View Real Time Build Order
Export as new Build Order

iksdé Protoss 

Build Orders: Colossus Rush 

Get SALT Encoding   

  12  0:11  Probe  
  13  0:23  Pylon  
  13  0:26  Probe  
  14  0:38  Probe  
  14  0:42  Gateway  
  15  0:48  Probe, Assimilator  
  15  0:54  Assimilator  
  15  0:56  Probe  
  17  1:06  Probe  
  19  1:18  Probe  
  19  1:21  Pylon  
  19  1:30  Cybernetics Core  
  19  1:32  Zealot  
  21  1:35  Probe  
  22  1:48  Probe  
  23  1:55  Gateway  
  23  2:00  Probe  
  24  2:08  Warp Gate  
  24  2:09  Shield Battery  
  24  2:20  Robotics Facility  
  24  2:23  Probe  
  25  2:31  Pylon  
  25  2:35  Sentry  
  27  2:51  Probe  
  28  3:12  Sentry  
  30  3:18  Robotics Bay  
  30  3:22  Nexus  
  30  3:24  Pylon  
  30  3:49  Gateway  
  30  3:52  Forge  
  30  3:53  Pylon  
  30  3:59  Colossus  
  36  4:17  Probe  
  37  4:31  Probe  
  38  4:36  Extended Thermal Lance  
  38  4:41  Assimilator  
  38  4:43  Probe x2  
  40  4:47  Photon Cannon  
  40  4:52  Pylon  
  40  5:03  Colossus  
  40  5:05  Protoss Ground Weapons Level 1  
  35  5:18  Probe x2  
  43  5:25  Sentry  
  43  5:26  Sentry  
  47  5:30  Probe  
  48  5:35  Shield Battery  
  48  5:42  Probe  
  49  5:47  Stalker  
  51  5:52  Zealot  
  51  5:53  Observer  
  54  6:10  Pylon, Probe x2  
  56  6:18  Immortal  
  60  6:22  Probe  
  55  6:47  Stalker x3  
  55  6:49  Probe  
  55  6:53  Protoss Ground Armor Level 1  
  62  6:56  Warp Prism  
  64  7:08  Gateway  
  64  7:10  Pylon  
  64  7:15  Zealot x2  
  68  7:18  Zealot  
  70  7:40  Gateway  
  70  7:42  Gateway  
  61  7:56  Stalker x3  
  67  8:03  Zealot  
  69  8:10  Twilight Council  
  69  8:12  Pylon  
  69  8:23  Zealot x2  
  69  8:24  Zealot x2  
  77  8:34  Probe x2  
  79  8:54  Nexus  
  79  9:03  Warp Prism  
  75  9:22  Zealot x2  
  75  9:23  Stalker  
  75  9:24  Stalker  
  83  9:39  Probe x2  
  85  9:48  Assimilator  
  85  9:51  Probe x2  
  67  10:03  Probe  
  63  10:24  Templar Archives  
Tags
 
Matchup
PvZ
Replay Pack
Myownreplay2
Spawn Locations
Cross Positions
Add a new tag
Caveats
  • Supply blocks, unpowered buildings, or Contaminate may cause inaccurate times.
  • Supply counts are checked every 10 seconds.